 Dungeon Crawl Stone Soup version 0.31-a0-819-gf6de2f5ab6 (webtiles) character file.

Game seed: 5675141624070717918

41 qw the Shooter (level 3, -1/22 HPs)
             Began as a Gargoyle Hunter on Sept 23, 2023.
             Slain by a gnoll
             ... wielding a +0 spear
              (2 damage)
             ... on level 2 of the Dungeon.
             The game lasted 00:00:26 (1733 turns).

qw the Shooter (Gargoyle Hunter)                    Turns: 1733, Time: 00:00:26

Health: -1/22      AC: 10    Str: 14    XL:     3   Next: 52%
Magic:  3/3        EV: 10    Int:  9    God:
Gold:   129        SH:  0    Dex: 15    Spells: 2/2 levels left

rFire   . . .        Y - +0 shortbow
rCold   . . .        (shield currently unavailable)
rNeg    + . .        g - +0 ring mail
rPois   inf          j - +2 hat
rElec   +            (no cloak)
rCorr   .            (no gloves)
SInv    +            (no boots)
Will    .....        (no amulet)
Stlth   +            k - ring of see invisible
HPRegen 0.23/turn    (no ring)
MPRegen 0.08/turn

%: no passive effects
@: no status effects
A: sickness immunity, AC +3, negative energy resistance 1, electricity
resistance, torment resistance 1, petrification resistance
a: no special abilities


You were on level 2 of the Dungeon.
You visited 1 branch of the dungeon, and saw 3 of its levels.

You collected 129 gold pieces.


Innate Abilities, Weirdness & Mutations

You are immune to sickness and miasma.
Your stone body is resilient. (AC +3)
You are immune to poison.
You resist negative energy. (rN+)
You are resistant to electric shocks. (rElec)
You are resistant to unholy torment.
You are immune to petrification.


   Skills:
 - Level 2.7 Fighting
 - Level 5.0 Ranged Weapons
 + Level 0.0 Armour
 - Level 1.5 Dodging
 - Level 1.1 Stealth


You had 2 spell levels left.
You didn't know any spells.
Your spell library was empty.

Inventory:

Hand Weapons
 Y - a +0 shortbow (weapon)
Armour
 g - a +0 ring mail (worn)
 j - a +2 hat (worn)
Jewellery
 k - a ring of see invisible (left hand)
Scrolls
 b - a scroll of identify
Potions
 d - a potion of cancellation {unknown}
 e - a potion of berserk rage {unknown}
 f - a potion of curing {unknown}
 h - a potion of degeneration {unknown}
 i - a potion of attraction {unknown}
 m - a potion of might {unknown}
 n - a potion of haste {unknown}
 o - a potion of heal wounds

Dungeon Overview and Level Annotations

Branches:
Dungeon (3/15)

Altars:
Cheibriados


Message History

As you read the scroll labelled FUAPHE IMMUA, it crumbles to dust.
You feel strangely unstable.
It was a scroll of teleportation.
You start waiting.
Your surroundings suddenly seem different.
Done exploring.
1711 ||| DRINKING 2 viscous puce potions.
It was a potion of heal wounds.
You feel much better.
Done exploring.
What level of the Dungeon? (default 2, ? - help)
There is a stone staircase leading down here.
You climb downwards.
The gnoll shouts! x3; The adder hisses angrily.
You hear a shout!
Found a scroll labelled REAMUANGOE and a leather armour.
There is a stone staircase leading up here.
There are monsters nearby!
Waypoint 2 assigned to D:3.
1727 ||| STAIRDANCE The gnoll hits you with a +0 spear.
The gnoll hits you with a +0 flail! The rat misses you.
You climb upwards.
There is a stone staircase leading down here.
You shoot an arrow. The arrow hits the gnoll.
The gnoll is heavily wounded.
The rat closely misses you. The gnoll barely misses you. x2
You shoot an arrow. The arrow closely misses the gnoll.
The rat closely misses you. The gnoll barely misses you. x2
You shoot an arrow. The arrow closely misses the gnoll.
The rat twitches its whiskers.
The rat bites you. The gnoll closely misses you. The gnoll barely misses you.
You shoot an arrow. The arrow hits the gnoll.
The gnoll is severely wounded.
The rat bites you. The gnoll barely misses you.
The gnoll hits you but does no damage.
You shoot an arrow. The arrow closely misses the gnoll.
The rat closely misses you. The gnoll completely misses you.
The gnoll hits you with a +0 spear.
The rat twitches its whiskers.
The rat bites you but does no damage. The gnoll hits you with a +0 flail.
The gnoll hits you with a +0 spear.
You die...

##'## #.....# #.# ##...## #.#####
#.# #.....## ##.# #.### .......##
##..# #.#.## #
........####...##########....####
........+.......................'
........####...#.########....####
.......## ##..r#g# ###.#.## #
#...(.## ##.g@## #......# ##...##
##.## #.#....# ##'## #.# #.###..#
#.# #.# #.# #..# # ##.##### #.#
#.###..#### #......# #.#
#.......... ##...##.# #.#
#####..#### #.....#.# #.# #..# ##
##...##<#######.# #..# #.


You could see 2 gnolls and a rat.

Vanquished Creatures
  A dart slug (D:1)
  3 endoplasms
  3 giant cockroaches (D:1)
  3 goblins
  7 hobgoblins
  4 jackals (D:2)
  3 kobolds
  3 quokkas
  2 ball pythons
  2 frilled lizards
31 creatures vanquished.

Notes
Turn   | Place    | Note
-------+----------+-------------------------------------------
     0 | D:1      | qw the Gargoyle Hunter began the quest for the Orb.
     0 | D:1      | Reached XP level 1. HP: 12/12 MP: 1/1
     0 | D:1      | 0 ||| qw: Version: 0.3-a-83-gcd0e7d8
     0 | D:1      | 0 ||| qw: Game counter: 1526
     0 | D:1      | 0 ||| qw: Melee chars always use a shield: true
     0 | D:1      | 0 ||| qw: God list: Okawaru
     0 | D:1      | 0 ||| qw: Allow faded altars: false
     0 | D:1      | 0 ||| qw: Do Orc after clearing Dungeon:15 true
     0 | D:1      | 0 ||| qw: Do second Lair branch before Depths: true
     0 | D:1      | 0 ||| qw: Lair rune preference: random
     0 | D:1      | 0 ||| qw: Goals: Normal
     0 | D:1      | 0 ||| PLANNING D:1-11
   205 | D:1      | Reached XP level 2. HP: 17/17 MP: 2/2
   772 | D:1      | Found a snail-covered altar of Cheibriados.
   777 | D:1      | 777 ||| UPGRADING to +2 hat.
   782 | D:1      | 782 ||| READING scroll labelled GIS SUSUXURR.
   783 | D:1      | 783 ||| DROPPING scroll of butterflies.
   928 | D:2      | Reached XP level 3. HP: 21/21 MP: 3/3
  1098 | D:2      | Reached skill level 5 in Ranged Weapons
  1693 | D:2      | 1693 ||| UPGRADING to +0 ring mail.
  1703 | D:2      | 1703 ||| DROPPING +0 leather armour.
  1704 | D:2      | 1704 ||| UPGRADING to ring of see invisible.
  1705 | D:2      | 1705 ||| READING scroll labelled TITUINWISO.
  1706 | D:2      | 1706 ||| READING 2 scrolls labelled QUQE SYCE TAO.
  1707 | D:2      | 1707 ||| READING scroll labelled FUAPHE IMMUA.
  1711 | D:2      | 1711 ||| DRINKING 2 viscous puce potions.
  1727 | D:3      | 1727 ||| STAIRDANCE
  1733 | D:2      | HP: 1/22 [gnoll/+0 flail (6)]
  1733 | D:2      | Slain by a gnoll

Levels and vault maps discovered:
D:1:      dpeg_arrival_water_altar, layout_loops_corners, hex_medium
D:2:      layout_loops_corners
D:3:      layout_rooms, kennysheep_generic_room_13

Skill      XL: |  1  2  3 |
---------------+----------+-----
Ranged Weapons | 5 |  5.0
Fighting       | |  2.7
Dodging        | |  1.5
Stealth        | |  1.1

Action                     || total
---------------------------++-------
   Fire: Shortbow          ||    87
    Use: Scroll            ||     4
         Potion            ||     1
 Armour: Leather armour    ||    11
         Ring mail         ||     9
  Dodge: Dodged            ||    28

Table legend:
 A = Non-vault XP
 B = Vault XP
 C = Vault XP percentage of total XP
 D = Non-vault monster count
 E = Vault monster count
 F = Vault count percentage of total count
                 A         B        C        D         E       F
            +---------+---------+-------+---------+---------+-------
      Total |      59 |       0 |   0.0 |      31 |       0 |   0.0
            +---------+---------+-------+---------+---------+-------
        D:1 |      29 |       0 |   0.0 |      15 |       0 |   0.0
        D:2 |      30 |       0 |   0.0 |      16 |       0 |   0.0
            +---------+---------+-------+---------+---------+-------
